 Dungeon Crawl Stone Soup version 0.29.1-13-g9f3cf754e1 (webtiles) character file.

Game seed: 1958234857989335967

49 hawla the Chiller (level 4, -8/33 HPs)
             Began as a Meteoran Ice Elementalist on Jan 22, 2023.
             Mangled by an ogre
             ... wielding a +0 giant club
              (26 damage)
             ... on level 5 of the Dungeon.
             The game lasted 00:01:59 (461 turns).

hawla the Chiller (Meteoran Ice Elementalist)        Turns: 461, Time: 00:02:00

Health: -8/33      AC:  3    Str: 10    XL:     4   Next: 20%
Magic:  0/9        EV: 12    Int: 18    God:
Gold:   27         SH:  0    Dex: 14    Spells: 1/9 levels left

rFire   . . .      SeeInvis .   (no weapon)
rCold   . . .      Faith    .   (no shield)
rNeg    . . .      Spirit   .   a - +0 robe
rPois   .          Reflect  .   c - +0 helmet
rElec   .          Harm     .   (no cloak)
rCorr   .          Rampage  .   (no gloves)
Will    .....                   (no boots)
Stlth   +.........              (no amulet)
HPRegen 0.11/turn               (no ring)
MPRegen 0.11/turn               (no ring)

@: freezing walls, very slightly contaminated, glowing
A: sense surroundings 1, otherworldly, glowing, explore regen
a: no special abilities


You were on level 5 of the Dungeon.
You visited 1 branch of the dungeon, and saw 5 of its levels.

You collected 27 gold pieces.

Inventory:

Armour
 a - a +0 robe (worn)
 c - a +0 helmet (worn)
Scrolls
 g - a scroll of identify {unknown}
Potions
 b - a potion of magic
 d - a potion of degeneration {unknown}
 e - a potion of flight {unknown}
 f - a potion of brilliance {unknown}


   Skills:
 - Level 2.6 Dodging
 - Level 1.4 Stealth
 - Level 3.1 Spellcasting
 - Level 5.5 Ice Magic


You had one spell level left.
You knew the following spells:

 Your Spells              Type           Power      Damage    Failure   Level
a - Freeze                Ice            88%        1d10      1%          1
b - Frozen Ramparts       Ice            44%        1d7       4%          3
c - Hailstorm             Conj/Ice       12%        3d5       45%         4

Your spell library contained the following spells:

 Spells                   Type           Power      Damage    Failure   Level
 Ozocubu's Armour         Ice            22%        N/A       4%          3


Dungeon Overview and Level Annotations

Branches:
Dungeon (5/15) Zot: 2539
 Temple: D:4-7

Altars:

Annotations:
D:5 2 transporters, Unforgiven's ghost, novice KoHu


Innate Abilities, Weirdness & Mutations

You passively map a small area around you.
You are easily found by Zot.
You glow in the dark.
You regain HP and MP as you explore.


Message History

Casting: Freeze (safe; 1% risk of failure)
Confirm with . or Enter, or press ? or * to list all spells.
Casting: Frozen Ramparts (dangerous; 4% risk of failure)
Press: ? - help, Dir - look around, f - activate The walls around you are covered in ice.
Casting: Frozen Ramparts (dangerous; 4% risk of failure)
Confirm with . or Enter, or press ? or * to list all spells.
The spell is astonishingly dangerous to miscast (45% risk of failure)!
Continue anyway?
Casting: Hailstorm (astonishingly dangerous; 45% risk of failure)
Press: ? - help, Dir - look around, f - activate You miscast Hailstorm.
You are very lightly contaminated with residual magic.
Your hands feel numb with cold!
The wall freezes the ogre.
The wall freezes the ogre!
Casting: Hailstorm (astonishingly dangerous; 45% risk of failure)
Confirm with . or Enter, or press ? or * to list all spells.
Aiming: Freeze (safe; 1% risk of failure)
Press: ? - help, Shift-Dir - straight line, f - ogre
Aim: an ogre, wielding a +0 giant club (moderately wounded)
You freeze the ogre.
The ogre is heavily wounded.
The wall freezes the ogre but does no damage.
The ogre misses you.
Casting: Freeze (safe; 1% risk of failure)
Confirm with . or Enter, or press ? or * to list all spells.
Aiming: Freeze (safe; 1% risk of failure)
Press: ? - help, Shift-Dir - straight line, f/p - ogre
Aim: an ogre, wielding a +0 giant club (heavily wounded)
You freeze the ogre.
The ogre is severely wounded.
Unknown command.
You hit the ogre but do no damage.
The ogre is severely wounded.
The wall freezes the ogre.
The ogre hits you with a +0 giant club!
You barely miss the ogre.
The ogre is almost dead.
The wall freezes the ogre.
The ogre hits you with a +0 giant club!!
Ouch! That really hurt!
You die...

#.# #.....# #.# #.#
##...########*#.# *,
#########..........,..#
*, ...........########
### *#########.## #.#
#.# ##.### ,, , ,
#@...# , * * * #O.#.# ,
* *#..#.# , ,...# #* *
, **##... , #.... * *
..... *,* * #....# ,,


You could see an ogre.

Vanquished Creatures
  4 adders
  3 orcs (D:5)
  A goblin (D:2)
  A quokka (D:5)
  A ball python (D:4)
  A rat (D:3)
11 creatures vanquished.

Notes
Turn   | Place    | Note
-------+----------+-------------------------------------------
     0 | D:1      | hawla the Meteoran Ice Elementalist began the quest for the
                  | Orb.
     0 | D:1      | Reached XP level 1. HP: 14/14 MP: 5/5
    32 | D:2      | Reached XP level 2. HP: 20/20 MP: 1/6
   187 | D:5      | Entered Level 5 of the Dungeon
   192 | D:5      | Reached skill level 5 in Ice Magic
   192 | D:5      | Reached XP level 3. HP: 24/26 MP: 6/8
   196 | D:5      | Learned a level 3 spell: Frozen Ramparts
   335 | D:5      | Noticed a killer bee
   335 | D:5      | Noticed a killer bee
   335 | D:5      | Noticed a killer bee
   336 | D:5      | Found a transporter.
   340 | D:5      | Found a transporter.
   340 | D:5      | Noticed a killer bee
   343 | D:5      | Noticed a killer bee
   343 | D:5      | Noticed Unforgiven's ghost (novice KoHu)
   346 | D:5      | Noticed a killer bee
   382 | D:5      | Reached XP level 4. HP: 26/33 MP: 4/9
   387 | D:5      | Learned a level 4 spell: Hailstorm
   452 | D:5      | Noticed an ogre
   461 | D:5      | Mangled by an ogre

Illustrated notes

Levels and vault maps discovered:
D:1:      heliophobic_arrival_battle_scene, layout_basic
D:2:      layout_loops_corners
D:3:      layout_loops_ring, lemuel_coloured_pillars_altar,
          hellmonk_ecumenical_altar_arch_garden
D:4:      layout_basic, serial_shops, nicolae_shop_window_shopping,
          serial_rivers, chequers_serial_rivers_large_b,
          chequers_serial_rivers_room_a, chequers_serial_rivers_room_b,
          chequers_serial_rivers_micro_c, chequers_serial_rivers_small_b
D:5:      layout_loops_corners, gammafunk_ghost_hive, minmay_starry_boxes

Skill      XL: |  1  2  3 |
---------------+----------+-----
Ice Magic      | 5 |  5.5
Spellcasting   | 3 |  3.1
Dodging        | |  2.6
Stealth        | |  1.4

Action                   |  1- 3 |  4- 6 || total
-------------------------+-------+-------++-------
Melee: Unarmed           |     6 |     2 ||     8
 Cast: Freeze            |    13 |     2 ||    15
       Frozen Ramparts   |     4 |     1 ||     5
  Use: Scroll            |     1 |       ||     1
Armor: Robe              |     5 |       ||     5
Dodge: Dodged            |     7 |     1 ||     8
